AoeStats
← adbailey121

Arena

509587493Analyzed
4v4 RM · 4d ago on Sep 27, 2026· 52m 18s· 8 players
Game mode
Random Map
Map size
Large (8 player)
Population
200
Speed
Normal
Resources
Standard
Victory
Conquest
Starting age
Dark Age
Ending age
Imperial Age
RankedLock teamsTeams togetherTeam positionsShared explorationLock speedFull tech treeHidden civsTurbo modeCheats
Victory
Defeat
🇳🇱 Ethiopians · Netherlands
844
+13
🇮🇹 Khmer · Italy
788
+16
🇺🇦 Spanish · Ukraine
759
+17
🇮🇳 Vietnamese · India
739
+18
🇦🇺 Celts · Australia
841
-19
🇨🇳 Burgundians · China
800
-17
🇨🇳 Mongols · China
764
-15
🇦🇺 Khmer · Australia
717
-13
Sm0k1nG040
11:10 Feudal Age
14:56 Castle Age
13:29 Double-Bit Axe
13:41 Horse Collar
15:50 Wheelbarrow
16:17 Bow Saw
16:12 Heavy Plow
21:17 Gold Mining
29:09 Imperial Age
26:45 Loom
27:17 Hand Cart
27:34 Fletching
27:45 Padded Archer Armor
28:36 Thumb Ring
27:54 Crossbowman
29:00 Ballistics
28:45 Caravan
29:57 Bodkin Arrow
30:19 Leather Archer Armor
31:15 Chemistry
31:18 Bracer
32:31 Coinage
31:41 Arbalester
34:23 Banking
35:08 Ring Archer Armor
45:24 Scale Barding Armor
45:29 Forging
47:52 Husbandry
47:14 Light Cavalry
48:19 Chain Barding Armor
48:35 Iron Casting
48:49 Hussar
NestorMakhno
1:43 Loom
2:43 Loom
10:58 Feudal Age
11:27 Double-Bit Axe
12:21 Wheelbarrow
13:51 Horse Collar
17:48 Castle Age
15:50 Stone Mining
16:19 Town Watch
16:28 Gold Mining
18:50 Bow Saw
18:42 Heavy Plow
21:47 Hand Cart
23:17 Bloodlines
26:13 Town Patrol
31:54 Imperial Age
32:06 Imperial Age
33:17 Conscription
33:56 Crop Rotation
35:17 Double Crossbow
34:51 Pikeman
36:04 Light Cavalry
36:22 Halberdier
36:54 Hussar
38:17 Husbandry
40:31 Cavalier
41:02 Elite Skirmisher
41:06 Elite Ballista Elephant
50:15 Padded Archer Armor
50:06 Fletching
50:16 Scale Mail Armor
50:22 Scale Barding Armor
50:27 Forging
50:15 Murder Holes
50:40 Ballistics
51:54 Hoardings
RL1
1:35 Loom
14:18 Feudal Age
14:47 Double-Bit Axe
15:40 Wheelbarrow
14:48 Horse Collar
15:01 Gold Mining
15:07 Stone Mining
15:05 Town Watch
28:50 Castle Age
27:20 Bloodlines
28:19 Forging
27:59 Fletching
28:20 Scale Barding Armor
28:56 Padded Archer Armor
28:56 Scale Mail Armor
30:46 Heavy Plow
31:07 Hand Cart
31:18 Bow Saw
32:12 Stone Shaft Mining
38:43 Imperial Age
36:15 Bodkin Arrow
36:48 Chain Barding Armor
37:55 Iron Casting
37:36 Leather Archer Armor
37:36 Chain Mail Armor
38:20 Husbandry
39:32 Cavalier
40:35 Bracer
41:35 Blast Furnace
41:11 Plate Barding Armor
41:07 Ring Archer Armor
41:51 Two-Man Saw
41:30 Murder Holes
41:45 Masonry
42:37 Chemistry
41:27 Light Cavalry
41:31 Paladin
42:30 Town Patrol
44:13 Hoardings
43:36 Pikeman
44:16 Squires
44:02 Arson
44:02 Gambesons
44:55 Plate Mail Armor
44:52 Conscription
44:27 Sappers
45:35 Supremacy
45:54 Caravan
46:25 Coinage
46:06 Guilds
46:13 Halberdier
48:36 Banking
48:54 Elite Conquistador
49:34 Inquisition
Incognito3597
10:30 Feudal Age
12:01 Wheelbarrow
12:05 Double-Bit Axe
12:01 Horse Collar
12:16 Gold Mining
12:18 Stone Mining
20:55 Castle Age
22:04 Bow Saw
22:10 Hand Cart
21:56 Heavy Plow
22:56 Stone Shaft Mining
23:08 Elite Skirmisher
28:54 Fletching
30:09 Squires
31:28 Bodkin Arrow
32:43 Thumb Ring
37:03 Imperial Age
34:58 Murder Holes
35:24 Ballistics
39:22 Bracer
43:31 Chemistry
42:12 Treadmill Crane
45:03 Two-Man Saw
48:02 Forging
47:53 Scale Mail Armor
47:59 Scale Barding Armor
47:54 Padded Archer Armor
51:09 Crop Rotation
50:52 Caravan
Ladiesman217
10:23 Loom
12:26 Feudal Age
16:52 Castle Age
15:10 Horse Collar
16:19 Stone Mining
17:54 Heavy Plow
22:35 Wheelbarrow
26:31 Imperial Age
24:51 Double-Bit Axe
25:06 Gold Mining
25:56 Stone Shaft Mining
26:10 Pikeman
27:14 Forging
27:04 Scale Mail Armor
28:06 Scale Mail Armor
29:19 Hand Cart
29:40 Town Watch
29:40 Halberdier
33:46 Gold Shaft Mining
33:23 Bow Saw
33:50 Iron Casting
33:30 Chain Mail Armor
35:32 Blast Furnace
36:35 Chain Mail Armor
35:42 Elite Woad Raider
36:19 Capped Ram
37:27 Onager
43:32 Siege Onager
47:36 Furor Celtica
adbailey121
0:29 Loom
11:50 Feudal Age
15:43 Horse Collar
19:31 Castle Age
20:50 Wheelbarrow
20:35 Heavy Plow
20:27 Double-Bit Axe
25:31 Forging
25:22 Scale Mail Armor
25:28 Scale Barding Armor
27:02 Gold Mining
27:03 Stone Mining
29:21 Padded Archer Armor
30:02 Hand Cart
33:24 Ballistics
34:22 Gold Shaft Mining
34:23 Stone Shaft Mining
35:19 Chain Mail Armor
35:40 Iron Casting
40:17 Imperial Age
40:44 Chain Barding Armor
40:42 Leather Archer Armor
40:17 Fletching
45:45 Elite Ballista Elephant
怎么就违规了
10:14 Feudal Age
10:53 Double-Bit Axe
12:35 Loom
15:12 Castle Age
16:21 Bow Saw
15:52 Horse Collar
23:03 Wheelbarrow
25:47 Bloodlines
25:37 Husbandry
27:43 Ballistics
27:15 Light Cavalry
28:26 Gold Mining
28:27 Stone Mining
28:51 Fortified Wall
29:47 Fletching
30:03 Scale Barding Armor
30:47 Bodkin Arrow
31:36 Stone Shaft Mining
31:17 Heavy Plow
37:13 Imperial Age
35:56 Chain Barding Armor
36:07 Padded Archer Armor
36:19 Forging
37:34 Elite Mangudai
40:41 Chemistry
39:47 Bracer
40:22 Iron Casting
40:03 Leather Archer Armor
42:37 Hand Cart
42:08 Town Watch
42:38 Masonry
42:23 Murder Holes
44:24 Blast Furnace
43:15 Hussar
44:26 Conscription
45:49 Town Patrol
47:02 Drill
46:44 Nomads
48:14 Pikeman
48:57 Scale Mail Armor
49:12 Leather Archer Armor
49:27 Squires
觅桃豚
9:49 Loom
12:56 Feudal Age
11:42 Horse Collar
11:54 Double-Bit Axe
15:51 Bow Saw
18:28 Castle Age
16:55 Heavy Plow
19:42 Wheelbarrow
27:55 Fletching
33:17 Imperial Age
31:03 Hand Cart
30:33 Town Watch
33:07 Gold Mining
33:08 Stone Mining
33:38 Burgundian Vineyards
34:48 Two-Man Saw
34:14 Ballistics
34:07 Fortified Wall
34:21 Ballistics
34:24 Conscription
34:45 Stone Shaft Mining
34:46 Gold Shaft Mining
35:50 Scale Barding Armor
35:56 Forging
36:03 Fortified Wall
35:36 Treadmill Crane
37:27 Chain Barding Armor
36:34 Cavalier
37:53 Crop Rotation
37:37 Husbandry
38:42 Iron Casting
Connection lost

Rejoining the realm…

Still unreachable

The connection could not be restored.

Session expired

The server has moved on; the page needs a fresh start.